 Dungeon Crawl Stone Soup version 0.25.1-8-g42b30a86e7 (webtiles) character file.

Game seed: 14182340477115753016

106 Clowwww the Skirmisher (level 4, -3/35 HPs)
             Began as a Demonspawn Fighter on Dec 5, 2020.
             Slain by Sigmund
             ... wielding a +0 scythe
              (6 damage)
             ... on level 2 of the Dungeon.
             The game lasted 00:02:56 (1983 turns).

Clowwww the Skirmisher (Demonspawn Fighter)         Turns: 1983, Time: 00:02:57

Health: -3/35      AC:  8    Str: 17    XL:     4   Next: 55%
Magic:  4/4        EV:  7    Int:  9    God:
Gold:   32         SH:  0    Dex: 13    Spells: 3/3 levels left

rFire    . . .     SeeInvis .   a - +0 war axe
rCold    . . .     Gourm    .   c - +0 kite shield
rNeg     . . .     Faith    .   b - +0 scale mail
rPois    .         Spirit   .   (no helmet)
rElec    .         Reflect  .   (no cloak)
rCorr    .         Harm     .   (no gloves)
MR       .....                  (no boots)
Stlth    ..........             (no amulet)
HPRegen  0.11/turn              (no ring)
MPRegen  0.09/turn              (no ring)

@: confused, mighty
A: claws 2, yellow scales 1
a: no special abilities


You were on level 2 of the Dungeon.
You were hungry.

You visited 1 branch of the dungeon, and saw 2 of its levels.

You collected 32 gold pieces.

Inventory:

Hand Weapons
 a - a +0 war axe (weapon)
Armour
 b - a +0 scale mail (worn)
 c - a +0 kite shield (worn)
Jewellery
 h - an uncursed ring of protection from magic {unknown}
Scrolls
 e - a scroll of amnesia {unknown}
 i - a scroll of blinking {unknown}
 j - a scroll of fog {unknown}
 k - a scroll of remove curse {unknown}
 l - a scroll of magic mapping {unknown}
 m - a scroll of identify {unknown}
Potions
 g - a potion of brilliance {unknown}
Comestibles
 f - 4 rations


   Skills:
 + Level 3.3 Fighting
 + Level 3.3 Axes
 + Level 3.1 Armour
 + Level 0.2 Dodging
 + Level 0.5 Stealth
 + Level 3.2 Shields


You had 3 spell levels left.
You didn't know any spells.
Your spell library was empty.

Dungeon Overview and Level Annotations

Branches:
Dungeon (2/15)

Altars:
Hepliaklqana

Annotations:
D:2 Sigmund


Innate Abilities, Weirdness & Mutations

You have very sharp fingernails.
You are partially covered in yellow scales. (AC +2)


Message History

You see here a scroll labeled VAHAWE OGEE.
Something hits you but does no damage.
Your shield and scale mail prevent you from hitting something.
You completely miss something. Something hits you.
You hear some strange, mumbled words.
You are more confused.
You see here a scroll labeled VAHAWE OGEE.
Something hits you.
You bump into the rock wall.
Something hits you!
* * * LOW HITPOINT WARNING * * *
You bump into the rock wall.
Something hits you.
* * * LOW HITPOINT WARNING * * *
You feel very mighty all of a sudden. Something hits you.
* * * LOW HITPOINT WARNING * * *
You see here a scroll labeled VAHAWE OGEE.
Something hits you.
* * * LOW HITPOINT WARNING * * *
You bump into the rock wall.
Something hits you.
You die...

######### ###
####........ ..#
.....####### #.#
#.#..# #.#
..#..###########@##
..............{.?.#
.....#####.#####..#
###..# #.# #..#
#>.#####.#####..#
#.....†.........##
....######.........#
###. ########(.# #.
..#


There were no monsters in sight!

Vanquished Creatures
  Jessica (D:2)
  An adder (D:2)
  3 gnolls (D:2)
  An adder zombie (D:1)
  A worm (D:2)
  2 dart slugs
  2 leopard geckos
  2 giant cockroaches
  4 hobgoblins
  2 jackals (D:1)
  A ball python zombie (D:1)
  4 bats
  A frilled lizard (D:1)
  2 goblins (D:1)
  5 kobolds
  3 rats (D:1)
35 creatures vanquished.

Notes
Turn   | Place    | Note
-------+----------+-------------------------------------------
     0 | D:1      | Clowwww the Demonspawn Fighter began the quest for the Orb.
     0 | D:1      | Reached XP level 1. HP: 18/18 MP: 1/1
   249 | D:1      | Gained mutation: You are partially covered in yellow
                  | scales. (AC +2) [demonic ancestry]
   249 | D:1      | Reached XP level 2. HP: 24/24 MP: 2/2
  1280 | D:2      | Found a hazy altar of Hepliaklqana.
  1280 | D:2      | Noticed Jessica
  1286 | D:2      | Killed Jessica
  1286 | D:2      | Gained mutation: You have sharp fingernails. [demonic
                  | ancestry]
  1286 | D:2      | Reached XP level 3. HP: 25/29 MP: 3/3
  1307 | D:2      | Gained mutation: You have very sharp fingernails. [demonic
                  | ancestry]
  1307 | D:2      | Reached XP level 4. HP: 19/35 MP: 4/4
  1952 | D:2      | Noticed Sigmund
  1983 | D:2      | Slain by Sigmund

Illustrated notes

Levels and vault maps discovered:
D:1:      saegor_arrival_fortress, layout_loops_corners
D:2:      layout_loops_ring, nicolae_overflow_crystal_walls, uniq_jessica,
          uniq_sigmund

Skill      XL: |  1  2  3 |
---------------+----------+-----
Axes           | 2 3 |  3.3
Shields        | 3 |  3.2
Armour         | 3 |  3.1
Fighting       | |  3.3
Dodging        | |  0.2
Stealth        | |  0.5

Action                   |  1- 3 |  4- 6 || total
-------------------------+-------+-------++-------
Melee: War axe           |    85 |    66 ||   151
  Use: Potion            |       |     1 ||     1
  Eat: Chunk             |     1 |     2 ||     3
Armor: Scale mail        |    50 |    33 ||    83
Dodge: Dodged            |    22 |    18 ||    40
Block: Kite shield       |    52 |    27 ||    79
